 Dungeon Crawl Stone Soup version 0.31.0-11-ge490571c62 (webtiles) character file.

Game seed: 6083698743480928424

14528 Ashen the Covert (level 12, -5/91 HPs)
             Began as a Gnoll Enchanter on Feb 3, 2024.
             Was an Elder of Uskayaw.
             Slain by a yak (15 damage)
             ... on level 1 of the Lair of Beasts.
             The game lasted 00:30:22 (10929 turns).

Ashen the Covert (Gnoll Enchanter)                 Turns: 10929, Time: 00:30:22

Health: -5/91      AC:  5    Str:  7    XL:     12   Next: 17%
Magic:  12/24      EV: 17    Int: 16    God:    Uskayaw [****..]
Gold:   855        SH:  5    Dex: 17    Spells: 14/28 levels left

rFire   . . .        L - +2 dagger (speed)
rCold   . . .        (no shield)
rNeg    . . .        b - +0 robe
rPois   +            (no helmet)
rElec   .            (no cloak)
rCorr   .            n - +0 pair of gloves
SInv    .            P - +0 pair of boots {Fly}
Will    +....        A - amulet of reflection
Stlth   ++++         G - ring of poison resistance
HPRegen 0.35/turn    p - ring of willpower
MPRegen 0.19/turn

%: reflection
@: flying
A: fangs 1, strong nose, distributed training
a: Renounce Religion, Stomp, Line Pass


You were on level 1 of the Lair of Beasts.
You worshipped Uskayaw.
Uskayaw was aware of your devotion.
You visited 3 branches of the dungeon, and saw 12 of its levels.
You also visited: Sewer, Ossuary and Bailey.

You collected 855 gold pieces.

Inventory:

Hand Weapons
 a - a +0 short sword of electrocution
 u - the +8 dagger "Ywneca" {freeze, rF+ Will+ Int-5 Dex+8}
   (You found it on level 3 of the Dungeon)

   Int-5:     It affects your intelligence (-5).
   Dex+8:     It affects your dexterity (+8).
   rF+:       It protects you from fire.
   Will+:     It increases your willpower.
 C - the +5 great sword "Liaforhof" {flame, rF+}
   (You found it on level 6 of the Dungeon)

   rF+:       It protects you from fire.
 L - a +2 dagger of speed (weapon)
 M - the +9 dagger of Fate {venom, Str+3 Int-3 SInv}
   (You found it on level 9 of the Dungeon)

   Str+3:     It affects your strength (+3).
   Int-3:     It affects your intelligence (-3).
   SInv:      It lets you see invisible.
Armour
 b - a +0 robe (worn)
 n - a +0 pair of gloves (worn)
 P - a +0 pair of boots of flying (worn)
Jewellery
 p - a ring of willpower (right hand)
 A - an amulet of reflection (around neck)
 G - a ring of poison resistance (left hand)
Wands
 s - a wand of iceblast (22)
 w - a wand of mindburst (12)
 H - a wand of light (8)
 K - a wand of flame (7)
Scrolls
 i - 11 scrolls of identify {unknown}
 q - 4 scrolls of teleportation {unknown}
 r - 2 scrolls of torment {unknown}
 t - 2 scrolls of amnesia {unknown}
 x - a scroll of blinking
 y - 2 scrolls of enchant armour {unknown}
 B - a scroll of acquirement {unknown}
 D - 3 scrolls of vulnerability {unknown}
 F - 2 scrolls of silence {unknown}
 Q - a scroll of poison {unknown}
Potions
 c - 3 potions of invisibility
 d - 3 potions of curing {unknown}
 g - 2 potions of cancellation {unknown}
 h - 7 potions of enlightenment
 j - 3 potions of might {unknown}
 k - a potion of haste {unknown}
 l - 2 potions of heal wounds {unknown}
 o - 2 potions of lignification {unknown}
 v - a potion of mutation {unknown}
 z - a potion of brilliance {unknown}
 E - 5 potions of degeneration {unknown}
 I - a potion of attraction {unknown}
 J - a potion of berserk rage {unknown}


   Skills:
 + Level 7.3 Fighting
 + Level 7.8 Short Blades
 + Level 7.3 Long Blades
 + Level 7.3 Axes
 + Level 7.3 Maces & Flails
 + Level 7.3 Polearms
 + Level 7.3 Staves
 + Level 7.3 Ranged Weapons
 + Level 7.3 Throwing
 + Level 7.3 Armour
 + Level 8.7 Dodging
 + Level 9.5 Stealth
 + Level 7.3 Shields
 + Level 7.3 Unarmed Combat
 + Level 8.9 Spellcasting
 + Level 6.0 Conjurations
 + Level 8.2 Hexes
 + Level 6.0 Summonings
 + Level 6.0 Necromancy
 + Level 6.0 Translocations
 + Level 6.0 Fire Magic
 + Level 6.0 Ice Magic
 + Level 6.0 Air Magic
 + Level 6.0 Earth Magic
 + Level 6.0 Alchemy
 + Level 8.0 Invocations
 + Level 7.3 Evocations
 + Level 6.6 Shapeshifting


You had 14 spell levels left.
You knew the following spells:

 Your Spells              Type           Power      Damage    Failure   Level
a - Ensorcelled Hibernat  Hex/Ice        60%        N/A       1%          2
b - Confusing Touch       Hex            33%        N/A       1%          3
c - Tukima's Dance        Hex            33%        N/A       1%          3
d - Dazzling Flash        Conj/Hex       60%        N/A       1%          3
e - Swiftness             Air            26%        N/A       2%          3

Your spell library contained the following spells:

 Spells                   Type           Power      Damage    Failure   Level
 Passwall                 Erth           26%        N/A       2%          3


Dungeon Overview and Level Annotations

Branches:
Dungeon (10/15)            Temple (1/1) D:5            Lair (1/5) D:9
    Orc (0/2) D:10          Sewer (visited)         Ossuary (visited)
 Bailey (visited)

Altars:
Ashenzari
Cheibriados
Dithmenos
Elyvilon
Fedhas
Gozag
Hepliaklqana
Kikubaaqudgha
Makhleb
Nemelex Xobeh
Okawaru
Qazlal
Ru
Sif Muna
Trog
Uskayaw
Vehumet
Wu Jian
Xom
Yredelemnul
Zin
The Shining One

Portals:
Abyss: D:4

Annotations:
D:4 2 transporters
D:7 2 transporters
D:8 exclusion: ice statue


Innate Abilities, Weirdness & Mutations

You have very sharp teeth.
Your uncanny sense of smell can sniff out nearby items.
Your experience applies equally to all skills.


Message History

You kill the cane toad!
Your Invocations skill increases to level 8!
The helpless yak fails to defend itself.
You spit the yak like a pig!!!
You kill the yak!
You feel sick.
The yak is no longer paralysed. x2
Uskayaw will force your foes to share their pain.
Uskayaw links your audience in an emotional bond!
Casting: Dazzling Flash (safe; 1% risk of failure)
Confirm with . or Enter, or press ? or * to list all spells.
Casting: Dazzling Flash (safe; 1% risk of failure)
Press: ? - help, Dir - look around, f - activate You feel sick.
The yak is no longer paralysed.
The yak gores you!
* * * LOW HITPOINT WARNING * * *
Casting: Dazzling Flash (safe; 1% risk of failure)
Confirm with . or Enter, or press ? or * to list all spells.
Casting: Dazzling Flash (safe; 1% risk of failure)
Press: ? - help, Dir - look around, f - activate The yak is dazzled.
You feel sick. The yak gores you but does no damage.
You hit the yak but do no damage. You hit the yak.
You bite the yak, but do no damage.
The yak is lightly wounded.
You catch the helpless yak completely off-guard!
You impale the yak!!
The yak is almost dead.
You feel sick. You block the yak's attack.
You hit the yak but do no damage.
The yak is almost dead.
You strike the helpless yak from behind!
You impale the yak!!
You kill the yak!
You feel sick.
You are no longer poisoned.
The yak gores you but does no damage.
Casting: Dazzling Flash (safe; 1% risk of failure)
Confirm with . or Enter, or press ? or * to list all spells.
Casting: Dazzling Flash (safe; 1% risk of failure)
Press: ? - help, Dir - look around, f - activate The yak is dazzled.
The yak gores you!
You die...

###.### #
...>.). .
....... ##.
....... ##..#
.......$
#....##
.......#
#......#Y......
......Y@#....#
.....#..#....#
.##
##..#.######
#.....#P#.###
##............
#P.........P#
#........####
#......###
###.....##


You could see 2 yaks.

Vanquished Creatures
  A black mamba (Lair:1)
  5 cane toads (Lair:1)
  A kobold demonologist (D:10)
  An unseen horror (D:10)
  2 trolls
  A hornet (D:9)
  Prince Ribbit (D:6)
  4 wyverns
  37 yaks
  A basilisk (D:9)
  2 humans (D:7)
  A steam dragon (D:8)
  5 water moccasins
  11 orc warriors
  A hornet zombie (D:5)
  A sky beast (D:6)
  3 black bears
  An ogre (D:6)
  A crocodile (Sewer)
  2 elf zombies (Ossuary)
  A kobold brigand (D:8)
  A gnoll sergeant (D:8)
  8 bullfrogs
  5 scorpions
  2 water moccasin zombies (D:5)
  3 howler monkeys
  5 centaur zombies
  2 human zombies (Ossuary)
  2 bullfrog zombies (D:5)
  6 orc priests
  A bombardier beetle (D:5)
  A gnoll bouda (D:3)
  4 hounds
  A jelly (D:5)
  A sleepcap (D:6)
  8 iguanas
  7 orc wizards
  3 scorpion zombies (D:6)
  Natasha (thrice) (D:3)
  Terence (D:3)
  2 hound zombies (Ossuary)
  2 mummies (Ossuary)
  9 gnolls
  8 adders
  4 howler monkey skeletons (D:6)
  3 adder zombies (Ossuary)
  31 orcs
  7 bats
  4 endoplasms
  3 giant cockroaches
  8 gnoll zombies (Ossuary)
  5 goblins
  3 hobgoblins (Bailey)
  8 jackals
  18 kobolds
  5 quokkas
  4 ball pythons
  A frilled lizard (D:1)
  7 jackal zombies (Ossuary)
  7 kobold zombies (Ossuary)
  4 orc zombies (Ossuary)
  6 rats
296 creatures vanquished.

Notes
Turn   | Place    | Note
-------+----------+-------------------------------------------
     0 | D:1      | Ashen the Gnoll Enchanter began the quest for the Orb.
     0 | D:1      | Reached XP level 1. HP: 13/13 MP: 6/6
   218 | D:1      | Reached XP level 2. HP: 19/19 MP: 7/7
   352 | D:1      | Learned a level 2 spell: Ensorcelled Hibernation
  1023 | D:2      | Reached skill level 6 in Stealth
  1023 | D:2      | Reached skill level 5 in Spellcasting
  1023 | D:2      | Reached XP level 3. HP: 25/25 MP: 3/9
  1139 | D:2      | Found Niwosen's Assorted Antiques.
  1160 | D:2      | Reached skill level 1 in Invocations
  1398 | D:2      | Reached skill level 1 in Fighting
  1398 | D:2      | Reached skill level 1 in Long Blades
  1398 | D:2      | Reached skill level 1 in Axes
  1398 | D:2      | Reached skill level 1 in Maces & Flails
  1398 | D:2      | Reached skill level 1 in Polearms
  1398 | D:2      | Reached skill level 1 in Staves
  1398 | D:2      | Reached skill level 1 in Ranged Weapons
  1398 | D:2      | Reached skill level 1 in Throwing
  1398 | D:2      | Reached skill level 1 in Armour
  1398 | D:2      | Reached skill level 1 in Shields
  1398 | D:2      | Reached skill level 1 in Unarmed Combat
  1398 | D:2      | Reached skill level 1 in Evocations
  1781 | D:3      | Noticed Terence
  1786 | D:3      | Killed Terence
  1787 | D:3      | Reached skill level 1 in Shapeshifting
  1787 | D:3      | Reached XP level 4. HP: 32/32 MP: 8/11
  1804 | D:3      | Reached skill level 1 in Conjurations
  1804 | D:3      | Reached skill level 1 in Summonings
  1804 | D:3      | Reached skill level 1 in Necromancy
  1804 | D:3      | Reached skill level 1 in Translocations
  1804 | D:3      | Reached skill level 1 in Fire Magic
  1804 | D:3      | Reached skill level 1 in Ice Magic
  1804 | D:3      | Reached skill level 1 in Air Magic
  1804 | D:3      | Reached skill level 1 in Earth Magic
  1804 | D:3      | Reached skill level 1 in Alchemy
  1844 | D:3      | Found a glowing silver altar of Zin.
  1897 | D:3      | Noticed Natasha
  1906 | D:3      | Killed Natasha
  1990 | D:3      | Found a snail-covered altar of Cheibriados.
  2129 | D:3      | Reached XP level 5. HP: 37/37 MP: 2/12
  2224 | D:3      | Identified the +8 dagger "Ywneca" {freeze, rF+ Will+ Int-5
                  | Dex+8}
  2601 | D:3      | Reached XP level 6. HP: 38/44 MP: 2/13
  2692 | D:3      | Noticed Natasha
  2707 | D:3      | Killed Natasha
  2708 | D:3      | Reached skill level 5 in Dodging
  2716 | D:3      | Noticed Natasha
  2773 | D:3      | Killed Natasha
  3024 | D:4      | Found a transporter.
  3031 | D:4      | Noticed a small abomination
  3034 | D:4      | Found an ancient bone altar of Kikubaaqudgha.
  3217 | D:4      | Found a transporter.
  3230 | D:4      | Found a one-way gate to the infinite horrors of the Abyss.
  3266 | D:5      | Entered Level 5 of the Dungeon
  3266 | D:5      | Noticed a water moccasin
  3272 | D:5      | Killed a water moccasin
  3273 | D:5      | Reached XP level 7. HP: 50/50 MP: 10/15
  3327 | D:4      | Learned a level 3 spell: Confusing Touch
  3331 | D:4      | Learned a level 3 spell: Tukima's Dance
  3335 | D:4      | Learned a level 3 spell: Dazzling Flash
  3339 | D:4      | Learned a level 3 spell: Swiftness
  3439 | D:5      | Found a staircase to the Ecumenical Temple.
  3449 | Temple   | Entered the Ecumenical Temple
  3530 | D:5      | Found a sacrificial altar of Ru.
  3649 | D:5      | Found a glowing drain.
  3687 | Sewer    | Entered a sewer
  3826 | Sewer    | Reached XP level 8. HP: 58/58 MP: 11/16
  4300 | D:6      | Identified the +5 great sword "Liaforhof" {flame, rF+}
  4321 | D:6      | Reached skill level 7 in Stealth
  4331 | D:6      | Found a radiant altar of Vehumet.
  4424 | D:6      | Noticed a yak
  4515 | D:6      | Found a sand-covered staircase.
  4524 | Ossuary  | Entered an ossuary
  4735 | Ossuary  | Reached XP level 9. HP: 60/65 MP: 13/18
  5138 | D:6      | Noticed Prince Ribbit
  5144 | D:6      | Killed Prince Ribbit
  5145 | D:6      | Reached skill level 5 in Short Blades
  5438 | D:6      | Found a hide-covered altar of Uskayaw.
  5441 | D:6      | Became a worshipper of Uskayaw the Reveller
  5470 | D:6      | Reached * piety under Uskayaw
  5490 | D:6      | Reached ** piety under Uskayaw
  5502 | D:6      | Reached skill level 5 in Invocations
  6003 | D:6      | Reached *** piety under Uskayaw
  6005 | D:6      | Reached **** piety under Uskayaw
  6109 | D:7      | Reached skill level 5 in Fighting
  6109 | D:7      | Reached skill level 5 in Long Blades
  6109 | D:7      | Reached skill level 5 in Axes
  6109 | D:7      | Reached skill level 5 in Maces & Flails
  6109 | D:7      | Reached skill level 5 in Polearms
  6109 | D:7      | Reached skill level 5 in Staves
  6109 | D:7      | Reached skill level 5 in Ranged Weapons
  6109 | D:7      | Reached skill level 5 in Throwing
  6109 | D:7      | Reached skill level 5 in Armour
  6109 | D:7      | Reached skill level 5 in Shields
  6109 | D:7      | Reached skill level 5 in Unarmed Combat
  6109 | D:7      | Reached skill level 5 in Evocations
  6109 | D:7      | Reached XP level 10. HP: 74/74 MP: 20/20
  6130 | D:7      | Found a bloodstained altar of Trog.
  6329 | D:7      | Found an iron altar of Okawaru.
  6338 | D:7      | Reached skill level 8 in Stealth
  6414 | D:7      | Found a transporter.
  6447 | D:7      | Noticed a deep elf pyromancer
  6447 | D:7      | Noticed a green ugly thing
  6448 | D:7      | Noticed a deep elf pyromancer
  6450 | D:7      | Noticed a purple ugly thing
  6486 | D:7      | Found a transporter.
  6489 | D:7      | Noticed a cyclops
  6490 | D:7      | Identified the +3 dagger "Itecza" {venom, Dex+2}
  7162 | D:8      | Noticed an ice statue
  7889 | D:8      | Reached skill level 5 in Shapeshifting
  7899 | D:8      | Reached ***** piety under Uskayaw
  8160 | D:9      | Found a staircase to the Lair.
  8304 | D:9      | Reached skill level 5 in Conjurations
  8304 | D:9      | Reached skill level 5 in Summonings
  8304 | D:9      | Reached skill level 5 in Necromancy
  8304 | D:9      | Reached skill level 5 in Translocations
  8304 | D:9      | Reached skill level 5 in Fire Magic
  8304 | D:9      | Reached skill level 5 in Ice Magic
  8304 | D:9      | Reached skill level 5 in Air Magic
  8304 | D:9      | Reached skill level 5 in Earth Magic
  8304 | D:9      | Reached skill level 5 in Alchemy
  8350 | D:9      | Reached XP level 11. HP: 81/81 MP: 22/22
  8487 | D:9      | Found an opulent altar of Gozag.
  8567 | D:9      | Found a sparkling altar of Nemelex Xobeh.
  8890 | D:9      | Identified the +9 dagger of Fate {venom, Str+3 Int-3 SInv}
  9124 | D:10     | Entered Level 10 of the Dungeon
  9203 | D:10     | Found a staircase to the Orcish Mines.
  9377 | D:10     | Reached skill level 9 in Stealth
  9474 | D:10     | Found a flagged portal.
  9478 | Bailey   | Entered a bailey
  9674 | Bailey   | Identified the +6 scimitar "Ryonki" {venom, *Slow Int+6
                  | Dex+3}
  9757 | Bailey   | Identified the +2 whip of Kismet {speed, Dex+3 SInv}
 10216 | D:10     | Identified the +3 hand axe "Syghucido" {freeze, rPois rC+
                  | Dex+3 Stlth+}
 10465 | Lair:1   | Entered Level 1 of the Lair of Beasts
 10749 | Lair:1   | Reached XP level 12. HP: 91/91 MP: 8/24
 10929 | Lair:1   | Slain by a yak

Illustrated notes

Levels and vault maps discovered:
D:1:      mrwooster_arrival_statue_2, layout_basic
D:2:      layout_loops_ring, serial_shops, shop
D:3:      layout_loops_cross, nicolae_overflow_hidden_temple,
          dreamdust_princess_corridor, uniq_terence, uniq_natasha
D:4:      layout_rooms, mainiacjoe_overflow_paths,
          gammafunk_ghost_abyssal_escape
D:5:      layout_rooms, mainiacjoe_overflow_tiny_flanked,
          minmay_temple_entry_mist, mainiacjoe_sewer_entry_somewhere_in_here_1,
          serial_undead, serial_undead_c, serial_undead_e, serial_undead_d,
          serial_undead_c
D:6:      layout_basic, kennysheep_mini, amcnicky_altar_gilded,
          mainiacjoe_ossuary_entry_find_the_door, uniq_prince_ribbit1
D:7:      gammafunk_the_bubble [the_bubble_gammafunk_crates], layout_basic,
          mainiacjoe_overflow_boulevard, okawaru_humans
D:8:      lemuel_ice_statue, layout_basic, nicolae_two_hexagons,
          grunt_ministairs_14
D:9:      layout_gridville, general_overflow_altar, old_standard_altar,
          due_lair_maze_entry_diamond
D:10:     layout_roguey, orc_0_dummy, enter_bailey_1
Temple:   nicolae_temple_no_exploring_needed
Lair:1:   layout_cave_pods, ebering_ghost_disaster_area, grunt_megastairs_5,
          uniq_gastronok, uniq_amaemon, uniq_joseph, uniq_erica

Skill      XL: |  1  2  3  4  5  6  7  8  9 10 11 12 |
---------------+-------------------------------------+-----
Stealth        | 6 7 8 9 |  9.5
Spellcasting   | 5 6 7 8 |  8.9
Invocations    | 1 2 3 4 5 6 7 8 |  8.0
Fighting       | 1 2 3 5 6 7 |  7.3
Long Blades    | 1 2 3 5 6 7 |  7.3
Axes           | 1 2 3 5 6 7 |  7.3
Maces & Flails | 1 2 3 5 6 7 |  7.3
Polearms       | 1 2 3 5 6 7 |  7.3
Staves         | 1 2 3 5 6 7 |  7.3
Ranged Weapons | 1 2 3 5 6 7 |  7.3
Throwing       | 1 2 3 5 6 7 |  7.3
Armour         | 1 2 3 5 6 7 |  7.3
Shields        | 1 2 3 5 6 7 |  7.3
Unarmed Combat | 1 2 3 5 6 7 |  7.3
Evocations     | 1 2 3 5 6 7 |  7.3
Shapeshifting  | 1 2 3 4 5 6 |  6.6
Conjurations   | 1 2 3 4 5 6 |  6.0
Summonings     | 1 2 3 4 5 6 |  6.0
Necromancy     | 1 2 3 4 5 6 |  6.0
Translocations | 1 2 3 4 5 6 |  6.0
Fire Magic     | 1 2 3 4 5 6 |  6.0
Ice Magic      | 1 2 3 4 5 6 |  6.0
Air Magic      | 1 2 3 4 5 6 |  6.0
Earth Magic    | 1 2 3 4 5 6 |  6.0
Alchemy        | 1 2 3 4 5 6 |  6.0
Short Blades   | 3 4 5 6 7 |  7.8
Dodging        | 5 6 7 8 |  8.7
Hexes          | 6 7 8 |  8.2

Action                     |  1- 3 |  4- 6 |  7- 9 | 10-12 || total
---------------------------+-------+-------+-------+-------++-------
  Melee: Dagger            |    71 |    38 |   295 |   349 ||   753
         Bite              |     4 |     2 |    42 |    27 ||    75
         Punch             |       |       |     9 |    11 ||    20
   Cast: Ensorcelled Hiber |    16 |    34 |    49 |    86 ||   185
         Confusing Touch   |       |       |    31 |     1 ||    32
         Dazzling Flash    |       |       |     2 |    46 ||    48
         Tukima's Dance    |       |       |       |     1 ||     1
  Evoke: Wand              |       |       |       |     2 ||     2
   Stab: Sleeping          |    20 |    23 |    40 |    54 ||   137
         Distracted        |       |     1 |     1 |     1 ||     3
         Confused          |       |       |    18 |     1 ||    19
         Paralysed         |       |       |     2 |    17 ||    19
         Invisible         |       |       |       |    41 ||    41
 Armour: Robe              |    13 |    10 |    94 |    93 ||   210
  Dodge: Dodged            |    56 |    55 |   329 |   222 ||   662
  Block: Other             |       |       |    58 |    68 ||   126
         Reflection        |       |       |       |     5 ||     5
